 Seeded DCSS version 0.30-a0-1094-g860fb061e7 (webtiles) character file.

Game seed: 7851298505247932012 (custom seed)

12432 Pimp the Fighter (level 11, -1/101 HPs)
             Began as a Grey Draconian Fighter on Apr 17, 2023.
             Was an Initiate of Ashenzari.
             Splashed by a brown ugly thing's acid (2 damage)
             ... on level 10 of the Dungeon.
             The game lasted 00:25:18 (9581 turns).

Pimp the Fighter (Grey Draconian Fighter)           Turns: 9581, Time: 00:25:18

Health: -1/101     AC: 10    Str: 26    XL:     11   Next: 62%
Magic:  17/17      EV: 20    Int: 10    God:    Ashenzari [......]
Gold:   429        SH:  0    Dex: 13    Spells: 18/18 levels left

rFire   + . .      SeeInvis +    j - +8 executioner's axe of Experimentation {heavy, Drain Str+4}
rCold   + + .      Faith    .    (shield currently unavailable)
rNeg    . . .      Spirit   .    (body armour unavailable)
rPois   +          Reflect  .    (helmet restricted)
rElec   +          Rampage  .    z - +0 cloak
rCorr   +                        I - +0 pair of gloves of the Evening Star {rPois}
Will    .....                    (no boots)
Stlth   ++                       (no amulet)
HPRegen 0.36/turn                g - ring of Ashenzari's Doubts {rC+ EV+5 Str+3 Stlth+, Self, Evo} (curse)
MPRegen 0.15/turn                p - ring of see invisible

@: about to teleport, resistant, corroded
A: AC +12, amphibious, unfitting armour, cold-blooded
a: Renounce Religion, Curse Item, Shatter the Chains


You were on level 10 of the Dungeon.
You worshipped Ashenzari.
Ashenzari was noncommittal.
You visited 2 branches of the dungeon, and saw 11 of its levels.

You collected 598 gold pieces.
You spent 169 gold pieces at shops.

Inventory:

Hand Weapons
 a - a +0 war axe of venom
 j - the +8 executioner's axe of Experimentation (weapon) {heavy, Drain Str+4}
   (You acquired it on level 7 of the Dungeon)

   Str:       It affects your strength (+4).
   Drain:     It drains your maximum health when unequipped.
 v - a +1 vampiric war axe
 B - a +0 war axe of pain
 J - the +9 trident "Gigyn Kixt" {pain, Str+3 Dex+2}
   (You found it on level 10 of the Dungeon)

   Str:       It affects your strength (+3).
   Dex:       It affects your dexterity (+2).
Missiles
 n - 2 throwing nets (quivered)
Armour
 b - a +0 buckler
 z - a +0 cloak (worn)
 I - the +0 pair of gloves of the Evening Star (worn) {rPois}
   (You found it on level 9 of the Dungeon)

   rPois:     It protects you from poison.
Magical Staves
 f - a staff of fire
Jewellery
 g - the cursed ring of Ashenzari's Doubts (left hand) {rC+ EV+5 Str+3 Stlth+, Self, Evo}
   (You acquired it on level 1 of the Dungeon)

   [ring of evasion]

   EV:        It affects your evasion (+5).
   Str:       It affects your strength (+3).
   rC:        It protects you from cold.
   Stlth:     It makes you more stealthy.
   It has a curse which improves the following skills: Introspection: Fighting
   and Spellcasting.
   Evocations: Evocations.
 l - an amulet of guardian spirit
 p - a ring of see invisible (right hand)
 r - a ring of ice
 s - a ring of flight
 y - an amulet of magic regeneration
 D - a ring of wizardry
 G - an amulet of regeneration
 K - a ring of magical power
Wands
 c - a wand of flame (28)
 d - a wand of mindburst (26)
 x - a wand of iceblast (4)
 F - a wand of charming (6)
Scrolls
 e - a scroll of amnesia
 h - 4 scrolls of teleportation
 i - a scroll of fog
 q - 7 scrolls of identify
 A - a scroll of brand weapon
 E - a scroll of immolation
 H - 2 scrolls of enchant armour {unknown}
Potions
 m - a potion of mutation {unknown}
 o - 5 potions of curing
 u - 2 potions of attraction {unknown}
 w - 2 potions of haste {unknown}
 C - a potion of lignification {unknown}


   Skills:
 + Level 10.1(10.5) Fighting
 * Level 9.5 Axes
 + Level 8.5 Dodging
 + Level 9.2 Shields
 + Level 4.0(4.4) Spellcasting
 + Level 4.4 Fire Magic


You had 18 spell levels left.
You didn't know any spells.
Your spell library contained the following spells:

 Spells                   Type           Power      Damage    Failure   Level
 Freeze                   Ice            8%         1d3       24%         1
 Kiss of Death            Conj/Necr      8%         2d6       24%         1
 Magic Dart               Conj           8%         1d3       24%         1
 Call Imp                 Summ           4%         N/A       36%         2
 Confusing Touch          Hex            2%         N/A       58%         3
 Frozen Ramparts          Ice            4%         1d1       58%         3
 Gell's Gravitas          Tloc           2%         N/A       58%         3
 Hailstorm                Conj/Ice       2%         3d3       58%         3
 Mephitic Cloud           Conj/Pois/Air  2%         N/A       58%         3
 Teleport Other           Tloc           2%         N/A       58%         3
 Dispel Undead            Necr           2%         3d7       94%         4
 Dispersal                Tloc           1%         N/A       100%        6


Dungeon Overview and Level Annotations

Branches:
Dungeon (10/15)            Temple (1/1) D:6            Lair (0/5) D:8
    Orc: D:9-12

Altars:
Ashenzari
Cheibriados
Dithmenos
Elyvilon
Fedhas
Gozag
Hepliaklqana
Kikubaaqudgha
Makhleb
Nemelex Xobeh
Okawaru
Qazlal
Ru
Sif Muna
Trog
Uskayaw
Vehumet
Wu Jian
Xom
Yredelemnul
Zin
The Shining One

Shops:
D:2 (   D:3 =   D:4 [   D:8 ?:


Innate Abilities, Weirdness & Mutations

Your dull iron-grey scales are very hard. (AC +12)
You are amphibious.
You cannot fit into any form of body armour.
You are cold-blooded and may be slowed by cold attacks.


Message History

The freezing wraith misses you.
The freezing wraith hits you but does no damage.
Your Spellcasting skill increases to level 4!
You feel protected.
The freezing wraith hits you but does no damage.
The freezing wraith hits you.
You closely miss the freezing wraith.
You tail-slap the freezing wraith, but do no damage.
The freezing wraith closely misses you. The freezing wraith hits you.
The freezing wraith closely misses you. The freezing wraith hits you.
The freezing wraith drains your vigour!
You feel yourself slow down.
You cut the freezing wraith into ribbons!!!
You destroy the freezing wraith!
The brown ugly thing barely misses you. The brown ugly thing misses you.
You completely miss the brown ugly thing.
The brown ugly thing misses you.
The brown ugly thing stings you but does no damage.
The brown ugly thing stings you!
* * * LOW HITPOINT WARNING * * *
The acid corrodes you!
You are splashed with acid.
You resist.
* * * LOW HITPOINT WARNING * * *
The brown ugly thing stings you!
* * * LOW HITPOINT WARNING * * *
You are splashed with acid.
You resist.
* * * LOW HITPOINT WARNING * * *
You closely miss the brown ugly thing.
You feel yourself speed up. The brown ugly thing stings you!
* * * LOW HITPOINT WARNING * * *
You are splashed with acid.
You resist.
* * * LOW HITPOINT WARNING * * *
The brown ugly thing misses you. The brown ugly thing barely misses you.
As you read the scroll of teleportation, it crumbles to dust.
You feel strangely unstable.
The brown ugly thing attacks as you move away!
The brown ugly thing stings you but does no damage.
The brown ugly thing stings you!
* * * LOW HITPOINT WARNING * * *
You are splashed with acid.
You resist.
You die...

##.###.# #.##......##.#.
##.###.##
###.#..######.#
.#...#..# ##.#.##.## #.#
.###....## .) #..##.#..#
.# .# #.#...# #.
##.#.#.##.## .#
#.###.###. #..#.##.#.?#
## ####.# #..##.
###.##.#.##.## #. ..<#.#
##.##. #.##.#.##.#..# #.
####.#
#..#u##u@..##...##.# #.
.....#
##.#|#u#########.#.## ##
########
#.##.))......##.#..# #
.......#
#..#.###)###.##.##.##.##
###....# ##.###.....#
###.#..#... #......#
#..#/.....$##.†###.####
.......#
##.##..#..##.#####..#
##.....# #..#..
..##.....##.###
~.~#+########.##.
.########.#..#.


You could see 2 ugly things.

Vanquished Creatures
  2 centaur warriors
  The ghost of sargonster the Basher, a novice HOBe of Trog (D:8)
  Nergalle (D:10)
  A wizard (D:9)
  A freezing wraith (D:10)
  A meliai (D:10)
  A troll (D:10)
  2 hornets
  Grinder (D:5)
  A shadow (D:10)
  22 yaks
  2 wraiths (D:9)
  A vampire (D:8)
  2 vampire mosquitoes
  3 steam dragons
  A water moccasin (D:8)
  3 ice beasts
  2 sky beasts
  3 orc warriors
  An ogre (D:4)
  A boggart (D:10)
  A phantom (D:7)
  4 centaurs
  3 kobold brigands
  6 bullfrogs
  2 scorpions (D:6)
  A gnoll sergeant (D:5)
  9 killer bees
  9 electric eels
  2 howler monkeys (D:9)
  An orc priest (D:8)
  5 hounds
  2 jellies
  2 gnoll boudas
  2 sleepcaps
  5 iguanas
  11 orc wizards
  19 gnolls
  4 adders
  A shadow imp (D:7)
  A white imp (D:7)
  A worm (D:5)
  3 dart slugs
  26 orcs
  5 endoplasms
  A giant cockroach (D:1)
  8 goblins
  5 hobgoblins
  4 jackals (D:4)
  13 kobolds
  2 quokkas
  3 ball pythons
  2 bats (D:2)
  3 frilled lizards
  2 rats
221 creatures vanquished.

Vanquished Creatures (others)
  46 plants (D:7)
46 creatures vanquished.

Grand Total: 267 creatures vanquished

Notes
Turn   | Place    | Note
-------+----------+-------------------------------------------
     0 | D:1      | Pimp the Draconian Fighter began the quest for the Orb.
     0 | D:1      | Reached XP level 1. HP: 19/19 MP: 1/1
   174 | D:1      | Reached XP level 2. HP: 10/26 MP: 2/2
   518 | D:1      | Identified a scroll of acquirement
   518 | D:1      | Acquired the ring "Jex Daskeu" {rC+ EV+5 Str+3 Stlth+}
   819 | D:2      | Found Muinuro's Antique Weapon Boutique.
   823 | D:2      | Reached XP level 3. HP: 33/33 MP: 3/3
  1347 | D:3      | Found Zusmamos's Jewellery Emporium.
  1488 | D:3      | Found a faded altar of an unknown god.
  1791 | D:4      | Noticed an ogre
  1819 | D:4      | Killed an ogre
  1820 | D:4      | Reached skill level 4 in Fighting
  1820 | D:4      | Reached XP level 4. HP: 40/40 MP: 4/4
  1826 | D:4      | Found Jeutered's Antique Armour Shop.
  1919 | D:4      | Reached XP level 5. HP: 25/46 MP: 5/5
  2241 | D:4      | Found a glowing silver altar of Zin.
  2241 | D:4      | Found a shimmering blue altar of Sif Muna.
  2644 | D:5      | Entered Level 5 of the Dungeon
  2663 | D:5      | Noticed Grinder
  2672 | D:5      | Reached XP level 6. HP: 53/53 MP: 6/6
  2673 | D:5      | Killed Grinder
  2674 | D:5      | Reached skill level 5 in Fighting
  2678 | D:5      | Your scales start taking on a dull iron-grey colour.
  2678 | D:5      | Reached XP level 7. HP: 61/61 MP: 7/7
  2877 | D:5      | Reached skill level 5 in Shields
  3547 | D:6      | Reached skill level 6 in Fighting
  3571 | D:6      | Reached skill level 5 in Axes
  3571 | D:6      | Reached skill level 5 in Dodging
  3571 | D:6      | Reached XP level 8. HP: 70/70 MP: 8/8
  3850 | D:6      | Found a staircase to the Ecumenical Temple.
  3931 | Temple   | Entered the Ecumenical Temple
  4167 | Temple   | Became a worshipper of Ashenzari the Shackled
  5075 | D:2      | Bought a runed war axe for 169 gold pieces
  5270 | D:7      | Found a shimmering altar of Xom.
  5282 | D:7      | Reached skill level 7 in Fighting
  5485 | D:7      | Acquired the +8 executioner's axe of Experimentation
                  | {heavy, Drain Str+4}
  5875 | D:7      | Reached XP level 9. HP: 50/79 MP: 9/9
  6002 | D:7      | Found an iron altar of Okawaru.
  6184 | D:7      | Found a hazy altar of Hepliaklqana.
  6187 | D:7      | Found a hide-covered altar of Uskayaw.
  6187 | D:7      | Found a white marble altar of Elyvilon.
  6193 | D:7      | Found a shadowy altar of Dithmenos.
  6193 | D:7      | Found a radiant altar of Vehumet.
  6784 | D:8      | Reached skill level 8 in Fighting
  7055 | D:8      | Found a runed translucent door.
  7065 | D:8      | Found Teacvieps's Book Shop.
  7115 | D:8      | Found Wuihih's Magic Scroll Boutique.
  7151 | D:8      | Noticed sargonster's ghost (novice HOBe)
  7179 | D:8      | Noticed a manticore
  7213 | D:8      | Reached XP level 10. HP: 74/90 MP: 10/10
  7290 | D:8      | Found a staircase to the Lair.
  7622 | D:8      | Killed sargonster's ghost
  7623 | D:8      | Reached skill level 1 in Spellcasting
  7623 | D:8      | Reached skill level 1 in Fire Magic
  7744 | D:9      | Reached skill level 9 in Fighting
  7872 | D:9      | Noticed a centaur warrior
  7879 | D:9      | Killed a centaur warrior
  7944 | D:9      | Noticed a wizard
  7949 | D:9      | Killed a wizard
  8180 | D:9      | Identified the +0 pair of gloves of the Evening Star
                  | {rPois}
  8613 | D:10     | Entered Level 10 of the Dungeon
  8642 | D:10     | Reached XP level 11. HP: 82/99 MP: 14/16
  9073 | D:10     | Identified the +9 trident "Gigyn Kixt" {pain, Str+3 Dex+2}
  9227 | D:10     | Noticed Nergalle
  9236 | D:10     | Killed Nergalle
  9543 | D:10     | Reached skill level 10 in Fighting
  9564 | D:10     | Noticed a centaur warrior
  9565 | D:10     | Noticed a white ugly thing
  9566 | D:10     | Noticed a brown ugly thing
  9568 | D:10     | Identified the ring "Pazuoska" {Fly rC+ Will+ Str+3}
  9568 | D:10     | Noticed a deep elf pyromancer
  9572 | D:10     | Killed a centaur warrior
  9581 | D:10     | HP: 1/101 [brown ugly thing (7)]
  9581 | D:10     | Splashed by a brown ugly thing's acid

Illustrated notes

Levels and vault maps discovered:
D:1:      minmay_arrival_wavy_path, layout_rooms
D:2:      layout_loops_ring, serial_shops, shop
D:3:      layout_rooms, serial_shops, shop, nicolae_ecumenical_oubliette
D:4:      layout_gridville, amethyst_overflow_temple_binary, serial_shops, shop,
          kennysheep_path_1, chequers_serial_rivers_room_a
D:5:      layout_rooms, uniq_grinder
D:6:      layout_loops_ring, minmay_temple_entry_tees, nrook_mini_vaults
D:7:      layout_rooms, mainiacjoe_overflow_small_starburst,
          mainiacjoe_overflow_chevrons, grunt_temple_overflow_open,
          serial_bayou, serial_bayou_crossing, serial_bayou_ford_a,
          serial_bayou_pond_b, serial_bayou_lagoon_a,
          kennysheep_opposing_triangles
D:8:      layout_basic, lair_entry_dummy, serial_shops, shop, shop,
          ebering_ghost_inner_flame, nicolae_fountain_basement
D:9:      cheibrodos_wizards_tower, layout_irregular_city
D:10:     minmay_the_grid_triangle_9x9_rhombus_thin
          [minmay_the_grid_triangle_9x9_longest,
          minmay_the_grid_triangle_9x9_prize_center,
          minmay_the_grid_triangle_9x9_impossible_snake,
          minmay_the_grid_triangle_9x9_dagger], layout_basic, uniq_nergalle
Temple:   oiseaux_autumnal_temple

Skill      XL: |  1  2  3  4  5  6  7  8  9 10 11 |
---------------+----------------------------------+-----
Dodging        | 3 4 5 6 7 8 |  8.5
Fighting       | 4 5 6 7 8 9 10 | 10.1
Axes           | 3 4 5 6 7 8 9 |  9.5
Shields        | 4 5 6 7 8 9 |  9.2
Spellcasting   | 3 4 |  4.0
Fire Magic     | 3 4 |  4.4

Action                     |  1- 3 |  4- 6 |  7- 9 | 10-12 || total
---------------------------+-------+-------+-------+-------++-------
  Melee: War axe           |   103 |    60 |   198 |       ||   361
         Tailslap          |    18 |    10 |    45 |    18 ||    91
         Executioner's axe |       |       |    74 |   122 ||   196
 Invoke: Curse Item        |       |       |       |     1 ||     1
    Use: Scroll            |     9 |       |     4 |     1 ||    14
         Potion            |     5 |     4 |     2 |     2 ||    13
   Stab: Sleeping          |     2 |     3 |       |     2 ||     7
 Armour: Skin              |    24 |    14 |   110 |    74 ||   222
  Dodge: Dodged            |    75 |    90 |   338 |   231 ||   734
  Block: Buckler           |    26 |    20 |    69 |       ||   115

Table legend: (Time is in decaauts)
 A = Elapsed time spent in this place.
 B = Non-inter-level travel time spent in this place.
 C = Inter-level travel time spent in this place.
 D = Time resting spent in this place.
 E = Time spent auto-exploring this place.
 F = Levels seen in this place.
 G = Mean time per level.
                   A        B        C        D        E       F      G
               +--------+--------+--------+--------+--------+-----+--------+
         Total |   9987 |   9243 |    744 |    999 |   6157 |  11 |  907.9 |
       Dungeon |   9724 |   9036 |    688 |    999 |   5967 |  10 |  972.4 |
        Temple |    263 |    207 |     56 |      0 |    190 |   1 |  263.0 |
               +--------+--------+--------+--------+--------+-----+--------+

Top non-repeatable levels by time:
     D:7: 1611 daAuts
     D:6: 1213 daAuts
    D:10: 1061 daAuts
     D:9: 997 daAuts
     D:8: 969 daAuts
     D:4: 953 daAuts
     D:5: 924 daAuts
     D:2: 893 daAuts
     D:1: 573 daAuts
     D:3: 525 daAuts
  Temple: 263 daAuts
